woodfighter, chaotic male orcish Caveman ----- |.... --... --... --.-.. ---..... ---....... |........ |....... --..... |.)..... --- --- ---...... --^-- ----.. .----......- |..@a |..... ..)|.........| --------..a |........*.......%%(-------.|..---.. ---<......... ...%)..)..)........... ----.---.. ......----.......--- .%... |.---- ---..---- ---- ---- woodfighter the Young Cave Man Experience level: 7 Strength: 18/01 Dexterity: 12 Constitution: 18 Intelligence: 8 Wisdom: 9 Charisma: 8 Health: 0(71) Energy: 28(28) Def: 8 Gold: 0 Moves: 3091 Dungeon seed: Fngj9EHDJiSQQcwW Game ID: woodfighter_1475233999 Your Inventory: Weapons a - a +1 club (weapon in hand) A - 23 +0 arrows (in quiver) B - a +0 bow (alternate weapon; not wielded) Armor e - a cursed -1 dwarvish cloak n - an uncursed +0 dwarvish cloak q - an uncursed +0 leather armor (being worn) r - a cursed -1 dwarvish iron helm u - an uncursed +1 dwarvish cloak (being worn) x - a blessed +0 orcish helm (being worn) z - an uncursed +0 pair of iron shoes C - an uncursed +0 elven shield (being worn) E - an uncursed +0 pair of iron shoes (being worn) T - an uncursed +0 pair of leather gloves (being worn) Comestibles d - an uncursed fortune cookie h - an uncursed eucalyptus leaf k - an uncursed tin of gecko meat R - an uncursed orange Potions g - an uncursed potion of confusion Wands i - a wand of magic missile (0:5) j - a wand of secret door detection (0:12) O - a wand of light (0:12) Tools c - a magic marker (0:35) s - an uncursed sack y - an uncursed skeleton key Contents of the sack: 55 gold pieces an uncursed [+0] mummy wrapping an uncursed [+0] pick-axe Spells and supernatural/magical abilities: Name Level Category Fail Memory W - pray for help -- divine ? -- Your skills at the end: Miscellaneous Skills bare handed combat [Basic] stealth [Basic] Weapon Skills scimitar [Basic] club [Skilled] sling [Basic] Spellcasting Skills Final Attributes: You were piously aligned. You were poison resistant. You had wounded legs. You had infravision. You were somewhat stealthy. You were fast. You are dead. Vanquished creatures: a giant mimic 2 small mimics a panther a gnome king a dwarf lord a soldier ant 2 rock piercers 11 gnome lords a gnomish wizard a kobold mummy 13 dwarves 2 rothes 2 giant bats a monkey a coyote 2 hobbits a large kobold a gecko a giant rat 2 cave spiders a yellow mold 40 gnomes a garter snake 7 jackals a kobold 2 newts 2 sewer rats 2 grid bugs 3 bats 4 lichens 111 creatures vanquished. Voluntary challenges: You did not cause conflict. You were not invisible. You did not have reflection. You were not displaced. You had been an atheist until turn 2380. You used a wielded weapon 154 times, starting on turn 39. You did not apply a unicorn horn. You did not use plumbed fixtures. You did not drink any magical draughts. You were illiterate. You never genocided any monsters. You never polymorphed an object. You never changed form. You used no wishes. You never split a pudding. You never wrote Elbereth's name. You never violated your personal moral code. Dungeon overview: The Dungeons of Doom: levels 1 to 3 Level 1 (water) a sink a long staircase Level 2 (closed shop) a fountain stairs to The Gnomish Mines Level 3 a fountain The Gnomish Mines: levels 3 to 7 Level 3 stairs to The Dungeons of Doom Level 4 Level 5 Level 6 many shops, a temple to Ishtar, a magic chest, some fountains, some trees Level 7 <- You were here History has recorded: On T:1 you entered the Dungeons of Doom to retrieve the Amulet of Yendor! On T:193 you reached level 2 of The Dungeons of Doom. On T:610 you advanced to experience level 2. On T:627 you reached level 1 of The Gnomish Mines. On T:655 you reached level 3 of The Dungeons of Doom. On T:816 you advanced to experience level 3. On T:827 you advanced to experience level 4. On T:848 you reached level 2 of The Gnomish Mines. On T:1109 you advanced to experience level 5. On T:1206 you reached level 3 of The Gnomish Mines. On T:1833 you advanced to experience level 6. On T:1983 you reached level 4 of The Gnomish Mines. On T:2350 you entered the Minetown temple On T:2383 you opened a magic chest. On T:2626 you reached level 5 of The Gnomish Mines. On T:2840 you advanced to experience level 7. Score breakdown: Gold: 55 ( 5 points) Experience: 7 levels ( 600 points) Exploration: 7 levels ( 180 points) Discoveries: 17 items ( 850 points) Variety of kills: 30 monsters ( 1500 points) Major goal: reached Minetown ( 500 points) Survival: died (score multiplied by 3) Total score: 10905 Latest messages: You see here a looking glass. The dwarf wields a broad pick! You hit the dwarf! You kill the dwarf! n - a dwarvish cloak. There are several more objects here. r - a hard hat. z - a pair of hard shoes. k - a tin. You kill the gnome! You see here 9 darts. KAABLAMM!!! You triggered a land mine! You fall into a pit! You are still in a pit. You crawl to the edge of the pit. You stop exploring. The soldier ant bites! The soldier ant misses. You hit the soldier ant! The soldier ant bites! The soldier ant misses. (3x) You kill the soldier ant! The soldier ant bites! The soldier ant stings! The soldier ant bites! You die... Final status: Goodbye woodfighter the Caveman, killed by a soldier ant... You died in The Gnomish Mines on dungeon level 7 with 10905 points, and 55 pieces of gold, after 3091 moves. You were level 7 with a maximum of 71 hit points when you died.